 Dungeon Crawl Stone Soup version 0.29-a0-289-g2178c42546 (webtiles) character file.

Game seed: 3333824412702051070

15359 kae the Severer (level 12, -5/115 HPs)
             Began as a Hill Orc Fighter on Mar 17, 2022.
             Was a Priest of Makhleb.
             Slain by a two-headed ogre
             ... wielding a +0 giant spiked club
              (33 damage)
             ... on level 11 of the Dungeon.
             The game lasted 00:08:42 (15142 turns).

kae the Severer (Hill Orc Fighter)                 Turns: 15142, Time: 00:08:43

Health: -5/115     AC:  8    Str: 36    XL:     12   Next: 26%
Magic:  19/19      EV: 11    Int:  8    God:    Makhleb [***...]
Gold:   482        SH: 10    Dex: 14    Spells: 11/11 levels left

rFire   + . .      SeeInvis .   F - +0 war axe (flame)
rCold   . . .      Faith    .   c - +0 buckler
rNeg    . . .      Spirit   .   b - +1 scale mail
rPois   .          Reflect  +   (no helmet)
rElec   +          Harm     .   (no cloak)
rCorr   .          Rampage  .   (no gloves)
Will    .....                   (no boots)
Stlth   ..........              H - amulet "Somparai" {Reflect Drain rElec rF+ Dex+4 SH+5}
HPRegen 0.29/turn               j - +6 ring of strength
MPRegen 0.16/turn               m - +6 ring of strength

@: mighty
A: no striking features
a: Renounce Religion, Minor Destruction, Lesser Servant of Makhleb


You were on level 11 of the Dungeon.
You worshipped Makhleb.
Makhleb was most pleased with you.
You visited 2 branches of the dungeon, and saw 12 of its levels.
You also visited: Ossuary.

You collected 608 gold pieces.
You spent 126 gold pieces at shops.

Inventory:

Hand Weapons
 a - a +1 war axe of protection
 F - a +0 war axe of flaming (weapon)
Armour
 b - a +1 scale mail (worn)
 c - a +0 buckler (worn)
 E - a +1 helmet of see invisible
Jewellery
 i - an amulet of the acrobat
 j - a +6 ring of strength (left hand)
 l - a +6 ring of dexterity
 m - a +6 ring of strength (right hand)
 A - a +6 ring of intelligence
 D - a +6 ring of strength
 H - the amulet "Somparai" (around neck) {Reflect Drain rElec rF+ Dex+4 SH+5}
   (You acquired it on level 9 of the Dungeon)

   [amulet of reflection]

   It reflects blocked missile attacks.
   Dex:       It affects your dexterity (+4).
   rF:        It protects you from fire.
   rElec:     It insulates you from electricity.
   Drain:     It drains your maximum health when unequipped.
   SH:        It affects your SH (+5).
 I - a ring of protection from cold
Wands
 h - a wand of flame (19)
 n - a wand of acid (8)
 o - a wand of digging (10)
 y - a wand of charming (9)
 C - a wand of iceblast (12)
 G - a wand of polymorph (1)
Scrolls
 e - 7 scrolls of identify
 r - 4 scrolls of teleportation
 s - a scroll of blinking
 t - 2 scrolls of amnesia
 u - 2 scrolls of magic mapping
 v - 5 scrolls of enchant weapon
 K - a scroll of fear
Potions
 d - a potion of might
 f - 2 potions of mutation
 g - 5 potions of degeneration
 k - 5 potions of curing
 p - 3 potions of haste
 q - 3 potions of heal wounds
 w - a potion of brilliance
 x - a potion of magic
 z - 3 potions of attraction
 B - a potion of resistance
 J - 2 potions of cancellation


   Skills:
 - Level 13.0 Fighting
 - Level 18.0 Axes
 + Level 4.8 Armour
 + Level 2.4 Dodging
 - Level 3.2 Shields
 - Level 10.0 Invocations


You had 11 spell levels left.
You didn't know any spells.
Your spell library contained the following spells:

 Spells                   Type           Power      Damage    Failure   Level
 Apportation              Tloc           0%         N/A       71%         1
 Beastly Appendage        Tmut           0%         N/A       71%         1
 Freeze                   Ice            0%         1d3       71%         1
 Sandblast                Erth           0%         2d4       71%         1
 Blink                    Tloc           0%         N/A       83%         2
 Ensorcelled Hibernation  Hex/Ice        0%         N/A       83%         2
 Passwall                 Tmut/Erth      0%         N/A       83%         2
 Wereblood                Tmut           0%         N/A       83%         2
 Frozen Ramparts          Ice            0%         1d2       97%         3
 Spider Form              Tmut/Pois      0%         N/A       97%         3
 Stone Arrow              Conj/Erth      0%         3d7       97%         3
 Swiftness                Air            0%         N/A       97%         3
 Animate Dead             Necr           0%         N/A       100%        4
 Hailstorm                Conj/Ice       0%         3d3       100%        4
 Alistair's Intoxication  Tmut/Pois      0%         N/A       100%        5
 Borgnjor's Vile Clutch   Necr/Erth      0%         N/A       100%        5
 Manifold Assault         Tloc           0%         N/A       100%        5
 Death Channel            Necr           0%         N/A       100%        6
 Storm Form               Tmut/Air       0%         N/A       100%        7


Dungeon Overview and Level Annotations

Branches:
Dungeon (11/15)            Temple (1/1) D:5            Lair (0/6) D:8
    Orc (0/2) D:10        Ossuary (visited)

Altars:
Ashenzari
Cheibriados
Dithmenos
Elyvilon
Fedhas
Gozag
Hepliaklqana
Kikubaaqudgha
Makhleb
Nemelex Xobeh
Okawaru
Qazlal
Ru
Sif Muna
Trog
Uskayaw
Vehumet
Wu Jian
Xom
Yredelemnul
Zin
The Shining One

Shops:
D:5 *?=((   D:6 (   D:7 *   D:8 [=


Message History

Your ufetubus barely misses the two-headed ogre.
Your ufetubus hits the two-headed ogre.
Your ufetubus hits the two-headed ogre but does no damage.
Your ufetubus barely misses the two-headed ogre.
The two-headed ogre hits you with a +0 giant club!!
The two-headed ogre hits you with a +0 giant club!
Your Dodging skill increases to level 2!
You hit Lodul. You burn Lodul.
Lodul is heavily wounded.
You hit the two-headed ogre. You burn the two-headed ogre.
You slash the two-headed ogre! You burn the two-headed ogre.
You barely miss the two-headed ogre. Your ufetubus hits the two-headed ogre.
Your ufetubus closely misses the two-headed ogre.
Your ynoxinul gestures.
Your neqoxec completely misses the two-headed ogre.
Lodul misses you.
Your ufetubus hits the two-headed ogre.
Your ufetubus barely misses the two-headed ogre.
You slice Lodul!! You burn Lodul!
You kill Lodul!
Makhleb accepts your kill.
You feel better.
You slash the two-headed ogre! You burn the two-headed ogre.
You slash the two-headed ogre! You burn the two-headed ogre.
You barely miss the two-headed ogre. You block the two-headed ogre's attack.
The two-headed ogre hits you with a +0 giant club!!
* * * LOW HITPOINT WARNING * * *
The two-headed ogre closely misses you. The two-headed ogre barely misses you.
Your ufetubus hits the two-headed ogre. x2
Your ynoxinul gestures.
The two-headed ogre barely misses your ufetubus. x2
The ogre closely misses your neqoxec.
You slice the two-headed ogre!! You burn the two-headed ogre.
The two-headed ogre is severely wounded.
You hit the two-headed ogre. You burn the two-headed ogre.
You slice the two-headed ogre!! You burn the two-headed ogre!
You slash the two-headed ogre! You burn the two-headed ogre.
Your ufetubus disappears in a puff of smoke!
Your ufetubus barely misses the two-headed ogre.
Your ufetubus hits the two-headed ogre.
The two-headed ogre hits you with a +0 giant spiked club!!
You die...

.# .#
#.......... .#
#####..........
.#
...............
.#
...............
.#
...............
.#
.....O.......
.# #.OOO......
.# #55@OO.....
.# #5.53###'##
.# #.355# .#
#...5# .#
#5$5.# .#
#....# #....#
#....# #....#


You could see 5 two-headed ogres, an ogre, a friendly neqoxec (summoned), a
friendly ynoxinul (summoned) and 9 friendly ufetubi.

Vanquished Creatures
  Snorg (D:10)
  A boulder beetle (D:10)
  Erica (D:8)
  4 two-headed ogres
  Lodul (D:11)
  2 ugly things
  A manticore (D:11)
  Psyche (D:11)
  2 trolls
  A shadow (D:9)
  A wraith (D:9)
  A wyvern (D:9)
  12 yaks
  A steam dragon (D:8)
  4 vampire mosquitoes (D:10)
  Grum (D:10)
  Menkaure (D:5)
  2 acid dragons
  3 water moccasins
  6 orc warriors
  5 ice beasts
  A sky beast (D:5)
  2 hornet zombies (D:7)
  2 wolves (D:10)
  2 ogres
  A centaur (D:9)
  3 phantoms
  An elf zombie (Ossuary)
  2 kobold brigands
  A gnoll sergeant (D:6)
  2 bullfrogs
  A necrophage (D:5)
  6 scorpions
  2 wyvern zombies (D:7)
  6 wights (D:7)
  A water moccasin zombie (D:7)
  7 killer bees
  9 howler monkeys
  3 centaur zombies
  A bullfrog zombie (D:7)
  2 gnoll shamans
  6 orc priests
  2 hounds
  A human zombie (Ossuary)
  5 iguanas
  13 orc wizards
  3 mummies (Ossuary)
  A howler monkey zombie (D:7)
  10 adders
  21 gnolls
  A shadow imp (D:7)
  2 adder zombies (Ossuary)
  2 worms
  A dart slug (D:2)
  39 orcs
  8 ball pythons
  7 endoplasms
  3 giant cockroaches
  4 gnoll zombies (Ossuary)
  15 goblins
  6 hobgoblins
  2 jackals (D:3)
  11 kobolds
  5 quokkas
  5 bats
  3 frilled lizards
  3 goblin zombies (Ossuary)
  4 hobgoblin zombies (Ossuary)
  8 jackal zombies (Ossuary)
  2 kobold zombies (Ossuary)
  5 orc zombies (Ossuary)
  A quokka zombie (Ossuary)
  4 rats
  3 rat zombies (Ossuary)
313 creatures vanquished.

Vanquished Creatures (others)
  2 orcs (D:8)
  3 kobolds (D:8)
5 creatures vanquished.

Grand Total: 318 creatures vanquished

Notes
Turn   | Place    | Note
-------+----------+-------------------------------------------
     0 | D:1      | kae the Hill Orc Fighter began the quest for the Orb.
     0 | D:1      | Reached XP level 1. HP: 19/19 MP: 1/1
     1 | D:1      | Found a faded altar of an unknown god.
     7 | D:1      | Reached skill level 3 in Axes
   226 | D:1      | Reached XP level 2. HP: 27/27 MP: 2/2
   340 | D:1      | Reached skill level 4 in Axes
   410 | D:1      | Reached XP level 3. HP: 28/33 MP: 3/3
  1228 | D:2      | Reached XP level 4. HP: 41/41 MP: 4/4
  1474 | D:2      | Reached skill level 5 in Axes
  1696 | D:3      | Noticed an ice beast
  1710 | D:3      | Killed an ice beast
  1711 | D:3      | Reached skill level 5 in Fighting
  1711 | D:3      | Reached skill level 6 in Axes
  1711 | D:3      | Reached XP level 5. HP: 11/48 MP: 5/5
  2671 | D:3      | Reached XP level 6. HP: 53/56 MP: 6/6
  2766 | D:4      | Reached skill level 7 in Axes
  2962 | D:4      | Found a sand-covered staircase.
  3007 | Ossuary  | Entered an ossuary
  3064 | Ossuary  | Reached skill level 8 in Axes
  3064 | Ossuary  | Reached XP level 7. HP: 61/63 MP: 7/7
  3252 | Ossuary  | Reached skill level 9 in Axes
  3695 | D:4      | Reached XP level 8. HP: 71/73 MP: 8/8
  3767 | D:5      | Entered Level 5 of the Dungeon
  3768 | D:5      | Noticed Menkaure
  3777 | D:5      | Killed Menkaure
  3778 | D:5      | Reached skill level 10 in Axes
  4410 | D:5      | Reached skill level 11 in Axes
  4461 | D:5      | Found Kiumm's Jewellery Shoppe.
  4462 | D:5      | Found Vewn's Antique Weapon Emporium.
  4463 | D:5      | Found Suasof's General Store.
  4463 | D:5      | Found Eqimirice's Magic Scroll Boutique.
  4465 | D:5      | Found Vasojid's Antique Armour Shop.
  4465 | D:5      | Found Goivucha's Antique Weapon Shoppe.
  4471 | D:5      | Bought a scroll of teleportation for 42 gold pieces
  4471 | D:5      | Bought a scroll of identify for 28 gold pieces
  4471 | D:5      | Bought a scroll of identify for 28 gold pieces
  4471 | D:5      | Bought a scroll of identify for 28 gold pieces
  4597 | D:5      | Reached skill level 12 in Axes
  4597 | D:5      | Reached XP level 9. HP: 62/82 MP: 9/9
  4692 | D:5      | Found a staircase to the Ecumenical Temple.
  4886 | Temple   | Entered the Ecumenical Temple
  5126 | Temple   | Became a worshipper of Makhleb the Destroyer
  5574 | D:6      | Identified the +0 ring mail "Cujuorph" {rC- Int+3}
  5975 | D:6      | Found Niuham's Weapon Shoppe.
  6497 | D:6      | Reached skill level 13 in Axes
  6863 | D:7      | Reached skill level 1 in Invocations
  6866 | D:7      | Reached * piety under Makhleb
  7212 | D:7      | HP: 3/79 [orc warrior/+0 glaive (9)]
  7651 | D:7      | Found Fipnarch's Hallowed Reliquary.
  7652 | D:7      | Noticed an angel
  7739 | D:7      | Reached skill level 14 in Axes
  7873 | D:7      | Reached XP level 10. HP: 48/93 MP: 12/12
  7877 | D:7      | Reached skill level 10 in Fighting
  8113 | D:7      | Reached ** piety under Makhleb
  8170 | D:7      | Found a basalt altar of Yredelemnul.
  8615 | D:8      | Noticed Erica
  8630 | D:8      | Reached skill level 5 in Invocations
  8635 | D:8      | Killed Erica
  8636 | D:8      | Reached skill level 15 in Axes
  9654 | D:8      | Noticed a red ugly thing
  9669 | D:8      | Killed a red ugly thing
  9670 | D:8      | Reached skill level 16 in Axes
  9873 | D:8      | Found Wighecah's Armour Shop.
  9881 | D:8      | You fall into a shaft and drop 1 floor!
  9928 | D:9      | Reached XP level 11. HP: 49/102 MP: 16/16
  9930 | D:9      | Noticed a two-headed ogre
 10410 | D:8      | Found Ramuecwiru's Jewellery Emporium.
 10588 | D:8      | Found a staircase to the Lair.
 10821 | D:8      | Reached *** piety under Makhleb
 11767 | D:9      | Killed a two-headed ogre
 11768 | D:9      | Reached skill level 17 in Axes
 12049 | D:9      | Identified a scroll of acquirement
 12049 | D:9      | Acquired the amulet "Somparai" {Reflect Drain rElec rF+
                  | Dex+4 SH+5}
 12165 | D:10     | Entered Level 10 of the Dungeon
 12193 | D:10     | Noticed a white ugly thing
 12202 | D:10     | Killed a white ugly thing
 12456 | D:10     | Reached **** piety under Makhleb
 12932 | D:10     | Found a staircase to the Orcish Mines.
 13018 | D:10     | Noticed a two-headed ogre
 13019 | D:10     | Noticed Grum
 13032 | D:10     | Killed a two-headed ogre
 13382 | D:10     | Killed Grum
 13704 | D:10     | Noticed a two-headed ogre
 13719 | D:10     | Killed a two-headed ogre
 13901 | D:10     | Noticed Snorg
 13910 | D:10     | Killed Snorg
 13911 | D:10     | Reached skill level 18 in Axes
 14252 | D:10     | Noticed a boulder beetle
 14265 | D:10     | Killed a boulder beetle
 14266 | D:10     | Reached XP level 12. HP: 60/113 MP: 19/19
 14702 | D:11     | Reached skill level 10 in Invocations
 14805 | D:11     | Noticed Psyche
 14808 | D:11     | Reached skill level 1 in Dodging
 14814 | D:11     | Killed Psyche
 14997 | D:11     | Noticed a two-headed ogre
 14997 | D:11     | Noticed a two-headed ogre
 15021 | D:11     | Killed a two-headed ogre
 15131 | D:11     | Noticed Lodul
 15135 | D:11     | Noticed a two-headed ogre
 15136 | D:11     | Noticed a two-headed ogre
 15136 | D:11     | Noticed a two-headed ogre
 15136 | D:11     | Noticed a two-headed ogre
 15141 | D:11     | Killed Lodul
 15142 | D:11     | Slain by a two-headed ogre

Illustrated notes

Levels and vault maps discovered:
D:1:      dpeg_arrival_shelter, layout_rooms, chequers_ecumenical_altar_island,
          serial_park_tiny_2, grunt_decor_cap
D:2:      layout_basic
D:3:      layout_basic, serial_curves, eino_curves_03, eino_curves_02
D:4:      layout_basic, nicolae_ossuary_entry_plus, minivault_27,
          chequers_serial_rivers_micro_b, minmay_close_crescents
D:5:      layout_loops_cross, minmay_temple_entry_wispy,
          nicolae_wooded_promenade, minmay_checkerbox, uniq_menkaure
D:6:      layout_layer_cave, serial_shops, shop_statue
D:7:      layout_layer_cave, nicolae_yredelemnul_corpse_copse, nicolae_good_shop
D:8:      layout_loops_ring, lair_entry_dummy, nicolae_inconvenience_store,
          minmay_shop_enchanted_jewellery, uniq_erica
D:9:      layout_rooms, lightli_bailey_entry_fortress, kennysheep_small_square
D:10:     layout_irregular_city, david_orc_2, serial_column_ruins,
          column_ruins_columns_dead_end, column_ruins_corridor_dead_end,
          column_ruins_open_small, column_ruins_grid_1, nzn_sisyphean_effort,
          uniq_grum, uniq_snorg
D:11:     layout_grid_maze, minmay_misc_feat_square, uniq_lodul, uniq_psyche
Temple:   mainiacjoe_temple_archimedes_tessellation

Skill      XL: |  1  2  3  4  5  6  7  8  9 10 11 12 |
---------------+-------------------------------------+-----
Axes           | 3 4 6 8 9 12 14 16 18 | 18.0
Fighting       | 4 5 6 7 8 9 11 12 13 | 13.0
Invocations    | 3 7 9 10 | 10.0
Dodging        | 2 |  2.4
Armour         | 4 |  4.8
Shields        | |  3.2

Action                   |  1- 3 |  4- 6 |  7- 9 | 10-12 || total
-------------------------+-------+-------+-------+-------++-------
Melee: War axe           |    81 |   141 |   328 |   357 ||   907
Invok: Lesser Servant of |       |       |       |     2 ||     2
  Use: Scroll            |     2 |     5 |    10 |    11 ||    28
       Potion            |       |     1 |       |     3 ||     4
Armor: Scale mail        |    35 |    47 |   112 |    95 ||   289
       Skin              |       |     4 |       |       ||     4
Dodge: Dodged            |    34 |    73 |   142 |   156 ||   405
Block: Buckler           |    17 |    27 |    63 |    80 ||   187

Table legend: (Time is in decaauts)
 A = Elapsed time spent in this place.
 B = Non-inter-level travel time spent in this place.
 C = Inter-level travel time spent in this place.
 D = Time resting spent in this place.
 E = Time spent auto-exploring this place.
 F = Levels seen in this place.
 G = Mean time per level.
                   A        B        C        D        E       F      G
               +--------+--------+--------+--------+--------+-----+--------+
         Total |  15173 |  14718 |    455 |   3044 |   9633 |  13 | 1167.2 |
       Dungeon |  14609 |  14214 |    395 |   3044 |   9302 |  11 | 1328.1 |
        Temple |    263 |    204 |     59 |      0 |    183 |   1 |  263.0 |
       Ossuary |    300 |    300 |      0 |      0 |    148 |   1 |  300.0 |
               +--------+--------+--------+--------+--------+-----+--------+

Top non-repeatable levels by time:
     D:7: 2348 daAuts
     D:9: 1818 daAuts
    D:10: 1814 daAuts
     D:6: 1683 daAuts
     D:8: 1604 daAuts
     D:5: 1076 daAuts
     D:2: 1041 daAuts
     D:4: 1010 daAuts
     D:1: 863 daAuts
     D:3: 850 daAuts
    D:11: 498 daAuts
 Ossuary: 300 daAuts
  Temple: 263 daAuts
